[Event "FIDE World Rapid Chess Championship 2021"]
[White "Blanco Acevedo, Cristobal Jose"]
[Black "Yunusov, Mukhammad"]
[WhiteFideId "3900525"]
[BlackFideId "14700930"]
[WhiteElo "2289"]
[BlackElo "1832"]
[Result "1/2-1/2"]
[Round "13"]
[TimeControl "900+10"]
[Date "2021.12.28"]
[WhiteClock "0:00:17"]
[BlackClock "0:00:44"]

1. d4 d5 2. Nf3 Nf6 3. c4 c6 4. e3 a6 5. c5 Bg4 6. Nc3 Nbd7 7. b4 e5 8. h3 Bxf3 9. Qxf3 Be7 10. Bb2 exd4 11. exd4 O-O 12. Bd3 b6 13. O-O a5 14. a3 axb4 15. axb4 bxc5 16. bxc5 Qc7 17. Rfe1 Rxa1 18. Bxa1 Re8 19. Bb2 Bf8 20. Rxe8 Nxe8 21. Bc1 g6 22. Qe2 Nef6 23. Qa2 Qb7 24. Qa6 Qb4 25. Ne2 Qe1+ 26. Kh2 Qxf2 27. Qa5 Ne4 28. Qd8 Nef6 29. Qa5 h5 30. Qd2 Bg7 31. Qf4 Qe1 32. Qe3 Nf8 33. Nf4 Qd1 34. Qd2 Qa4 35. Bc2 Qa1 36. Ne2 Ne4 37. Qb4 Ne6 38. Be3 Qf1 39. Ng1 Qa6 40. Nf3 Bf6 41. Qb8+ Kg7 42. Bf4 Nxf4 43. Qxf4 Qe2 44. Ba4 Qa6 45. Bc2 Nc3 46. Qe3 Qc4 47. Ne5 Qb4 48. Nxc6 Qb2 49. Qd3 Nb5 50. Bb3 Nxd4 51. Nxd4 Be5+ 52. Kh1 Qc1+ 53. Bd1 Qxc5 54. Nf3 Bf6 55. Ng1 d4 56. Be2 Qc1 57. Qc4 Qe1 58. Qd3 Qa1 59. g3 h4 60. Kg2 hxg3 61. Qxg3 Qb2 62. Qd3 Qb7+ 63. Bf3 Qb2+ 64. Ne2 Qa1 65. Ng3 Qb2+ 66. Be2 Qb7+ 67. Ne4 Be5 68. Bf3 Qb2+ 69. Nf2 Bf6 70. Be2 Qb7+ 71. Qe4 Qb2 72. Ng4 Bg5 73. Qe5+ Kh7 74. Qxg5 Qxe2+ 75. Kg3 Qe1+ 76. Kf3 Qh1+ 77. Kg3 Qg1+ 78. Kf3 Qh1+ 79. Kg3 Qg1+ 80. Kf3 Qh1+ 81. Kg3 1/2-1/2


[Site "http://www.Chess.com"]